 Dungeon Crawl Stone Soup version 0.23-a0-296-ga3b1b28 (webtiles) character file.

6 MisterFreud the Digger (level 1, 0/10 HPs)
             Began as a Gargoyle Earth Elementalist on Oct 5, 2018.
             Slain by a jackal (3 damage)
             ... on level 1 of the Dungeon.
             The game lasted 00:00:40 (87 turns).

MisterFreud the Digger (Gargoyle Earth Elementalist)  Turns: 87, Time: 00:00:40

Health: 0/10       AC:  6    Str: 11    XL:     1   Next: 90%
Magic:  0/3        EV: 12    Int: 15    God:
Gold:   0          SH:  0    Dex: 10    Spells: 3/4 levels left

rFire    . . .     SeeInvis .   a - +0 club
rCold    . . .     Gourm    .   (no shield)
rNeg     + . .     Faith    .   c - +0 robe
rPois    ∞         Spirit   .   (no helmet)
rElec    +         Reflect  .   (no cloak)
rCorr    .         Harm     .   (no gloves)
MR       .....                  (no boots)
Stlth    ++........             (no amulet)
HPRegen  0.03/turn              e - +2 ring of protection
MPRegen  0.08/turn              (no ring)

@: no status effects
A: negative energy resistance 1, electricity resistance, unbreathing,
petrification resistance, rot immunity, AC +2
a: no special abilities


You were on level 1 of the Dungeon.
You were not hungry.

You visited 1 branch of the dungeon, and saw 1 of its levels.

Inventory:

Hand Weapons
 a - a +0 club (weapon)
Missiles
 b - 46 stones (quivered)
Armour
 c - a +0 robe (worn)
Jewellery
 e - a +2 ring of protection (left hand)
Comestibles
 d - a ration


   Skills:
 - Level 1.5 Dodging
 - Level 2.1 Stealth
 - Level 2.0 Spellcasting
   Level 0.7 Transmutations
 + Level 4.2 Earth Magic


You had 3 spell levels left.
You knew the following spells:

 Your Spells              Type           Power        Failure   Level  Hunger
a - Sandblast             Erth           ##....       4%          1    #......

Your spell library contained the following spells:

 Spells                   Type           Power        Failure   Level  Hunger
 Passwall                 Tmut/Erth      #.......     12%         2    ###....
 Stone Arrow              Conj/Erth      #.....       28%         3    ###....
 Petrify                  Tmut/Erth      #.......     63%         4    #####..
 Lee's Rapid Deconstruct  Erth           ##........   73%         5    ######.


Dungeon Overview and Level Annotations

Branches:
Dungeon (1/15)

Altars:


Innate Abilities, Weirdness & Mutations

You are resistant to torment.
Your stone body is resilient. (AC +2)
You are immune to poison.
You resist negative energy. (rN+)
You are resistant to electric shocks. (rElec)
You can survive without breathing.
You are immune to petrification.
You are immune to rotting.


Message History

The blast of sand misses the jackal.
b - 47 stones The jackal bites you but does no damage.
The jackal misses you.
Casting: Sandblast (safe; 4% risk of failure)
Confirm with . or Enter, or press ? or * to list all spells.
Aiming: Sandblast (safe; 4% risk of failure)
Press: ? - help, Shift-Dir - straight line, f/p - jackal
Aim: a jackal The blast of sand hits the jackal.
You kill the jackal!
b - 46 stones A rat comes into view.
The rat moves out of view.
The jackal bites you.
* * * LOW HITPOINT WARNING * * *
The jackal barely misses you.
The jackal bites you but does no damage.
The jackal bites you.
You die...

§≈≈≈§≈§§...#.#.#..#.#### ....
≈≈≈≈≈≈§§...#.#.#..#.# ....
≈≈≈≈≈.§.#....#.#..#.# ..r..
≈.[.....##.#.#....#.# .....
.........#.###....#.# ......
...........#........####......
........####.##...####........
###.##......†##..h####........
#..........##.@h..r'........
####............r†##........
###....).......####.....$
#............# ####..
#............# .
..............#
.....).....##### ...........#
...........#


You could see 2 jackals and 2 rats.

Vanquished Creatures
  A bat (D:1)
  A goblin (D:1)
  2 jackals (D:1)
  A kobold (D:1)
5 creatures vanquished.

Notes
Turn   | Place    | Note
-------+----------+-------------------------------------------
     0 | D:1      | MisterFreud the Gargoyle Earth Elementalist began the quest
                  | for the Orb.
     0 | D:1      | Reached XP level 1. HP: 10/10 MP: 3/3
    82 | D:1      | Reached skill level 4 in Earth Magic
    87 | D:1      | Slain by a jackal

Vault maps used:
D:1:      dpeg_arrival_lava_altar

Skill      XL: |  1 |
---------------+----+-----
Earth Magic    | 4 |  4.2
Dodging        | |  1.5
Stealth        | |  2.1
Spellcasting   | |  2.0
Transmutations | |  0.7

Action                   || total
-------------------------++-------
Melee: Club              ||    13
       Unarmed           ||     2
 Cast: Sandblast         ||     4
Armor: Robe              ||    13
Dodge: Dodged            ||    22

Table legend:
 A = Non-vault XP
 B = Vault XP
 C = Vault XP percentage of total XP
 D = Non-vault monster count
 E = Vault monster count
 F = Vault count percentage of total count
                 A         B        C        D         E       F
            +---------+---------+-------+---------+---------+-------
      Total |       9 |       0 |   0.0 |       5 |       0 |   0.0
            +---------+---------+-------+---------+---------+-------
        D:1 |       9 |       0 |   0.0 |       5 |       0 |   0.0
            +---------+---------+-------+---------+---------+-------
